Shadow, chaotic female elven Wizard ----------- |.........| |.......... |.........| ------------- |..........## |`.......I.`| |........<| # |.....`.....| -----.----- ### |...-----[..| #### # |...|.{.|...| # ##r#####+###-..*|{I{|`..| ## |...|.{.|I..| -.----------- |...---.-...| |.............| |.....`.....| |.............| |`.........`| |.............| ------------- -------------- Shadow the Thaumaturge Experience level: 6 Strength: 4 Dexterity: 14 Constitution: 13 Intelligence: 20 Wisdom: 10 Charisma: 9 Health: 9(9) Energy: 68(68) AC: 6 Gold: 12 Moves: 2836 Your Inventory: Coins $ - 12 gold pieces Armor L - an [uncursed +0] large round shield [dwarvish roundshield] Comestibles J - an [uncursed] food ration Scrolls i - 2 uncursed scrolls of light j - an uncursed scroll of charging o - an [uncursed] scroll labeled ZLORFIK [of confuse monster] t - an [uncursed] scroll labeled JUYED AWK YACC [of create monster] Spellbooks k - a blessed spellbook of force bolt x - an [uncursed] spellbook of stone to flesh Rings d - an uncursed ring of see invisible (on right foreclaw) e - an uncursed +1 ring of gain constitution (on left foreclaw) Wands c - an uncursed wand of magic missile (0:5) u - an [uncursed] wand of locking [0:6] Tools m - an uncursed magic marker (0:66) n - an uncursed wooden harp y - an [uncursed wax] candle A - an [uncursed magic] lamp B - an [uncursed] mirror C - an [uncursed] towel (being worn) D - an [uncursed] key [skeleton key] E - an [uncursed] lock pick F - an [uncursed] can of grease [0:23] G - an [uncursed tin] whistle Gems s - an [uncursed] orange gem [worthless glass] Spells known in the end: Name Level Category Fail Memory a - force bolt 1 attack 0% [|||||||.] b - jumping 1 escape 0% [|||||||.] c - slow monster 2 enchantment 0% [||||||||] d - stone to flesh 3 healing 63% [||||||||] Your skills at the end: Fighting Skills Weapon Skills quarterstaff [Basic / Expert] Spellcasting Skills attack spells [Basic / Expert] enchantment spells [Basic / Skilled] Final Attributes: You were devoutly aligned. Hunger level was 154. Your alignment was 17 / 24. Monster difficulty range was 0 - 5. Level difficulty was 5. You were immune to sleep. You were immune to poison. You were immune to level-drain. You saw invisible. You regenerated. You were a wererat. You were in beast form (882). You were unlucky (-1). You survived. Vanquished creatures: a rock piercer a rock mole a yellow light a gnome lord a kobold mummy a gray ooze 2 elf zombies a floating eye a kitten a dwarf 2 rabid rats a wererat an iguana a hobbit a giant rat a cave spider 2 red molds 3 gnomes 5 garter snakes 2 gnome zombies a fox a goblin 7 sewer rats 5 grid bugs 7 lichens 2 kobold zombies 3 newts 56 creatures vanquished. Voluntary challenges: You were an atheist. You used a wielded weapon 42 times. You read items or engraved 4 times. You put on armor 4 times. You never genocided any monsters. You never polymorphed an object. You changed form 2 times. You used no wishes. You never wrote Elbereth's name. You never encountered a bones level. You never used any Sokoban shortcuts. Dungeon overview: The Dungeons of Doom: levels 1 to 5 Level 1 a long staircase Level 4 a tool shop, a fountain a long staircase Level 5 <- You were here many fountains History has recorded: On T:1 you entered the Dungeons of Doom to retrieve the Amulet of Yendor! On T:582 you reached level 2 of The Dungeons of Doom. On T:653 you advanced to experience level 2. On T:806 you reached level 3 of The Dungeons of Doom. On T:990 you advanced to experience level 3. On T:1048 you advanced to experience level 4. On T:1213 you reached level 4 of The Dungeons of Doom. On T:1472 you advanced to experience level 5. On T:1709 you advanced to experience level 6. On T:1906 you reached level 5 of The Dungeons of Doom. Latest messages: You try to feel what is lying here on the floor. You feel here 53 rocks. [2 turns] (2x) Wait! There's something there you can't see! You attack thin air. [2 turns] (3x) You drop a spellbook of slow monster. You drop an uncursed spellbook of jumping. [2 turns] (2x) You turn into a wererat! You shrink out of your cloak! Your helmet falls to the ground! Your boots slide off your feet! You find you must drop your weapon! Use the command #monster to summon help. You can't even move a handspan with this load! [HP-25=9] [2 turns] You collapse under your load. (47x) Final status: Goodbye Shadow the Wizard... You quit in The Dungeons of Doom on dungeon level 5 with 1731 points, and 12 pieces of gold, after 2836 moves. You were level 6 with a maximum of 34 hit points when you quit.